Map: Arctic Dream LE

Players

NadineMorano - Winner!

  • Race: Zerg Zerg
  • League: Diamond
  • Spawn Location: 6:00

JackChieRack - Winner!

  • Race: Zerg Zerg
  • Spawn Location: 5:00

qqq

  • Race: Zerg Zerg
  • League: Platinum
  • Spawn Location: 12:00

Massa

  • Race: Terran Terran
  • League: Gold
  • Spawn Location: 11:00

VOD

Have the link to the VOD?

Description

Time

  • Played on: May 10, 2020, 4:51 a.m.
  • Length: 11:00
Show
View Real Time Build Order
Export as new Build Order

NadineMorano Zerg - Winner!

Build Orders: Hatch First, Muta Ling Bane 

Get SALT Encoding   

  12  0:01  Drone  
  13  0:08  Drone  
  14  0:36  Hatchery  
  14  0:42  Drone  
  14  0:55  Spawning Pool  
  13  0:57  Drone  
  13  1:03  Overlord  
  14  1:21  Drone x3  
  17  1:28  Extractor  
  16  1:33  Drone  
  17  1:41  Queen  
  19  1:47  Queen  
  19  1:51  Drone  
  19  1:52  Drone  
  23  1:57  Overlord  
  23  2:02  Drone  
  23  2:06  Drone  
  25  2:16  Drone  
  25  2:17  Drone  
  27  2:23  Drone  
  27  2:26  Overlord  
  28  2:30  Metabolic Boost  
  28  2:31  Drone  
  29  2:38  Drone  
  30  2:46  Drone  
  30  2:51  Drone x4  
  34  2:52  Drone  
  34  2:56  Overlord  
  34  2:57  Drone  
  37  3:04  Overlord  
  37  3:05  Drone x2  
  37  3:12  Drone  
  40  3:20  Zergling x4  
  40  3:26  Overlord  
  42  3:27  Zergling x4  
  42  3:28  Zergling x2  
  45  3:35  Zergling x4  
  45  3:37  Hatchery, Zergling x2  
  47  3:43  Zergling x2  
  47  3:47  Overlord  
  48  3:50  Zergling x2  
  49  3:58  Zergling x2  
  49  4:00  Zergling x6  
  49  4:01  Zergling x4  
  49  4:02  Zergling x4  
  57  4:09  Overlord  
  57  4:12  Extractor  
  57  4:13  Extractor, Zergling x2  
  56  4:22  Zergling x2  
  56  4:24  Hatchery  
  49  4:33  Zergling x8  
  49  4:34  Zergling x8  
  54  4:40  Drone  
  49  4:59  Drone  
  51  5:00  Drone  
  51  5:01  Drone x3  
  51  5:04  Lair  
  50  5:12  Zergling x6  
  50  5:13  Zergling x8  
  57  5:17  Baneling Nest  
  50  5:31  Extractor  
  50  5:34  Drone  
  50  5:35  Drone x2, Evolution Chamber  
  52  5:36  Drone x3  
  52  5:37  Evolution Chamber  
  52  5:41  Drone x3  
  56  5:44  Drone  
  56  5:45  Drone x2, Queen  
  56  5:48  Overlord x2  
  61  5:55  Zergling x4  
  63  6:00  Drone x2  
  65  6:06  Baneling  
  65  6:07  Baneling x18  
  65  6:11  Centrifical Hooks  
  63  6:20  Zergling x10  
  63  6:21  Zergling x2  
  68  6:32  Zergling x2  
  63  6:33  Zergling x14  
  63  6:37  Zergling x4  
  72  6:41  Queen  
  72  6:46  Zergling x2  
  73  6:48  Zergling x8  
  73  6:53  Zerg Melee Weapons Level 1  
  67  7:08  Spore Crawler  
  59  7:19  Queen, Zerg Ground Armor Level 1  
  58  7:24  Spire  
  58  7:27  Zergling x2  
  58  7:28  Zergling x22  
  66  7:41  Drone x8  
  66  7:42  Drone  
  72  8:03  Extractor  
  72  8:05  Overlord x3  
  71  8:06  Extractor  
  71  8:07  Drone x2  
  71  8:08  Drone x3  
  71  8:09  Drone  
  76  8:13  Spore Crawler  
  76  8:17  Spore Crawler  
  76  8:19  Spore Crawler  
  73  8:25  Drone  
  74  8:32  Overlord x2  
  74  8:36  Zerg Flyer Weapons Level 1  
  74  8:41  Mutalisk x7  
  74  8:43  Mutalisk  
  90  8:51  Mutalisk  
  88  9:13  Mutalisk x2  
  88  9:14  Mutalisk x4  
  100  9:23  Hatchery  
  99  9:27  Overlord, Infestation Pit  
  98  9:39  Overlord  
  98  9:40  Overlord  
  98  9:45  Baneling  
  98  9:46  Baneling x2  
  98  9:51  Baneling  
  98  9:52  Baneling x13  
  98  9:53  Zergling x12  
  98  9:59  Overlord x2  
  104  10:02  Zergling x4  
  100  10:41  Zergling x2  
  100  10:42  Zergling x40  
Show
View Real Time Build Order
Export as new Build Order

JackChieRack Zerg - Winner!

Build Orders: Hatch First 

Get SALT Encoding   

  12  0:01  Drone  
  13  0:11  Drone  
  14  0:17  Overlord  
  14  0:36  Drone x3  
  17  0:55  Hatchery  
  16  1:01  Drone x2  
  18  1:13  Spawning Pool  
  17  1:20  Extractor  
  17  1:22  Drone x2  
  18  1:35  Drone  
  19  1:45  Drone  
  20  1:56  Overlord  
  20  2:00  Queen  
  22  2:06  Roach Warren  
  21  2:10  Queen  
  21  2:12  Extractor  
  24  2:22  Zergling x2  
  24  2:50  Roach x2  
  24  2:51  Roach x4  
  36  3:02  Overlord  
  36  3:23  Roach  
  36  3:24  Roach x3  
  36  3:25  Overlord x2  
  43  3:44  Drone x2  
  43  3:45  Drone x5  
  50  3:55  Roach x2  
  54  4:07  Drone x3, Extractor  
  56  4:10  Drone x2  
  58  4:17  Overlord  
  58  4:20  Drone x2  
  56  4:50  Roach x2  
  56  4:51  Roach x5  
  62  5:21  Roach  
  62  5:22  Roach x2  
  62  5:23  Overlord x3  
  68  5:42  Overlord x2  
  68  5:47  Lair  
  68  5:49  Queen  
  70  6:13  Drone x2  
  70  6:14  Drone x6  
  78  6:21  Hatchery  
  75  6:39  Roach x3  
  79  6:40  Roach x3  
  79  6:45  Extractor  
  76  6:49  Nydus Network  
  75  6:55  Zergling x2  
  75  6:56  Zergling x2  
  73  7:04  Hatchery, Spore Crawler  
  73  7:07  Spore Crawler  
  70  7:08  Drone  
  70  7:09  Drone  
  70  7:34  Roach x3  
  70  7:35  Roach x3  
  82  7:45  Drone  
  82  7:46  Drone x3  
  78  8:05  Drone x3  
  81  8:06  Drone x4  
  81  8:07  Extractor, Drone x5  
  81  8:10  Queen  
  91  8:29  Nydus Canal  
  91  8:56  Roach x6  
  91  8:57  Roach x6  
  91  8:58  Roach x2  
  119  9:12  Drone  
  119  9:14  Overlord x5  
  120  9:25  Hydralisk Den  
  120  9:28  Evolution Chamber  
  118  9:33  Evolution Chamber  
  118  9:34  Evolution Chamber  
  116  9:45  Roach x6  
  128  9:46  Roach x7  
  128  9:50  Extractor  
  141  9:52  Extractor  
  140  10:03  Drone x7  
  140  10:04  Drone x2  
  149  10:16  Hatchery  
  148  10:33  Spore Crawler  
  148  10:34  Spore Crawler  
  146  10:37  Spine Crawler x2  
Show
View Real Time Build Order
Export as new Build Order

qqq Zerg 

Build Orders: Hatch First 

Get SALT Encoding   

  12  0:04  Drone  
  13  0:09  Drone  
  14  0:38  Hatchery  
  13  0:54  Spawning Pool  
  12  0:57  Overlord  
  12  1:02  Drone  
  13  1:06  Drone  
  14  1:29  Drone x2  
  16  1:43  Roach Warren  
  16  1:44  Drone  
  16  1:45  Drone  
  17  1:50  Queen  
  17  1:52  Drone  
  20  2:03  Extractor  
  20  2:06  Drone  
  20  2:07  Drone  
  21  2:09  Drone  
  22  2:28  Queen  
  26  2:37  Drone, Roach  
  26  2:39  Drone  
  26  2:42  Extractor  
  27  2:48  Drone  
  27  2:49  Overlord  
  27  2:50  Overlord  
  28  2:58  Spine Crawler  
  28  3:01  Drone  
  28  3:07  Drone  
  28  3:09  Roach x2  
  33  3:17  Roach  
  33  3:18  Roach x2  
  39  3:23  Drone  
  42  3:27  Roach  
  42  3:45  Drone  
  42  3:46  Drone x2, Spine Crawler  
  44  3:49  Overlord  
  44  3:57  Overlord  
  44  4:07  Roach x2  
  44  4:08  Roach  
  50  4:12  Overlord  
  50  4:23  Lair  
  50  4:30  Roach x2  
  46  4:39  Roach x3  
  44  4:57  Roach x4  
  43  5:12  Roach  
  43  5:13  Roach x2  
  48  5:14  Drone  
  47  5:27  Roach  
  49  5:29  Drone x3  
  52  5:40  Drone x2  
  54  5:45  Roach x2  
  58  5:58  Roach x2  
  58  5:59  Roach  
  58  6:04  Drone x2  
  66  6:12  Queen  
  54  6:56  Roach x2  
  54  6:57  Roach x4  
  54  7:19  Roach x2  
  54  7:20  Roach x3  
  52  7:39  Spine Crawler  
  51  7:44  Hatchery  
  47  8:01  Tunneling Claws  
  47  8:07  Drone x4  
  47  8:08  Drone x2, Roach  
  47  8:09  Roach  
  47  8:10  Zergling x4  
  47  8:11  Zergling x4  
  61  8:23  Roach  
  61  8:26  Roach  
  65  8:35  Roach  
  67  8:58  Extractor  
  66  9:06  Roach x3  
  66  9:07  Roach  
  74  9:20  Overlord  
  74  9:21  Overlord x5  
  74  9:22  Overlord x4  
  74  9:43  Roach x2  
  74  9:44  Infestation Pit, Roach x4  
  85  9:52  Queen  
  87  9:56  Roach x2  
  87  9:57  Roach  
  93  10:26  Spore Crawler  
  93  10:28  Drone x5, Spore Crawler  
  94  10:29  Spore Crawler  
Show
View Real Time Build Order
Export as new Build Order

Massa Terran 

Build Orders:  

Get SALT Encoding   

  12  0:11  Supply Depot  
  12  0:13  SCV  
  13  0:25  SCV  
  14  0:35  Barracks  
  14  0:37  SCV  
  15  0:49  SCV  
  16  0:52  Supply Depot  
  16  0:56  Refinery  
  16  1:01  SCV  
  17  1:13  SCV  
  18  1:25  Marine  
  19  1:33  Refinery  
  19  1:36  SCV  
  20  1:48  SCV  
  20  1:50  Barracks Reactor  
  21  2:00  SCV  
  22  2:12  SCV, Factory  
  23  2:22  Command Center  
  23  2:24  SCV  
  23  2:26  Marine x2  
  26  2:36  SCV  
  27  2:38  Supply Depot  
  27  2:44  Marine  
  27  2:47  Marine  
  27  2:48  SCV  
  30  2:57  Factory Tech Lab  
  30  3:02  Marine  
  30  3:05  Marine  
  32  3:13  Starport  
  32  3:18  Siege Tank  
  35  3:22  Marine  
  35  3:25  Marine  
  37  3:39  Marine  
  38  3:42  Marine  
  39  3:50  Siege Tank  
  39  3:51  Medivac  
  44  3:56  SCV  
  44  3:57  SCV, Marine  
  47  4:04  Supply Depot  
  47  4:11  Marine  
  47  4:15  Marine  
  49  4:18  SCV  
  49  4:21  SCV, Medivac  
  39  4:38  Marine x2  
  40  4:56  Marine x2  
  42  5:00  Siege Tank  
  44  5:13  Marine  
  44  5:14  Marine  
  44  5:31  SCV x2, Marine x2  
  44  5:32  Siege Tank  
  51  5:43  SCV x2  
  51  5:47  Liberator  
  51  5:49  Marine x2  
  58  5:55  SCV x2  
  60  6:07  Marine x2  
  62  6:27  Marine x2  
  58  6:35  Supply Depot  
  52  6:45  Barracks, Marine x2  
  53  6:58  Supply Depot  
  51  7:03  Marine x2  
  48  7:18  Siege Tank  
  48  7:21  Marine x2, Medivac  
  48  7:22  Supply Depot  
  55  7:34  Barracks  
  52  7:39  Marine x2  
  54  7:46  Supply Depot  
  54  7:50  Siege Tank  
  57  7:57  Marine  
  58  8:03  Engineering Bay  
  58  8:09  Supply Depot  
  58  8:10  Medivac  
  58  8:11  Armory  
  60  8:22  Barracks, Siege Tank  
  60  8:25  Marine x2  
  65  8:30  Barracks Reactor, Engineering Bay  
  65  8:31  Barracks Tech Lab  
  65  8:32  Supply Depot  
  65  8:33  Terran Infantry Weapons Level 1  
  65  8:36  Orbital Command  
  65  8:43  Marine x2  
  65  8:44  Refinery  
  65  8:45  Orbital Command  
  65  8:46  Refinery  
  67  8:58  Armory  
  67  9:01  Marine x2  
  63  9:24  Missile Turret x4  
  63  9:38  Command Center  
  63  9:40  Supply Depot  
  63  9:45  Missile Turret x2  
  63  9:49  Missile Turret  
  63  9:57  Marine  
  63  9:59  Marauder, Marine x4  
  70  10:03  Supply Depot  
  70  10:15  Marine  
  70  10:17  Marine x4  
  70  10:20  Marauder  
  76  10:33  Marine  
  76  10:34  Marine  
  73  10:40  Missile Turret  
  73  10:53  Missile Turret  
  73  11:00  Missile Turret  
Tags
 
Add a new tag
Caveats
  • Supply blocks, unpowered buildings, or Contaminate may cause inaccurate times.
  • Supply counts are checked every 10 seconds.